 Dungeon Crawl Stone Soup version 0.24.0-123-gd5b16e6ec5 (webtiles) character file.

Game seed: 4798511161259643662, levelgen mode: deterministic

1500 FishyPogo the Tainter (level 8, 0/48 HPs)
             Began as an Octopode Venom Mage on Dec 26, 2019.
             Was an Initiate of Sif Muna.
             Slain by a quasit (1 damage)
             ... on level 7 of the Dungeon.
             The game lasted 00:28:06 (7523 turns).

FishyPogo the Tainter (Octopode Venom Mage)         Turns: 7523, Time: 00:28:06

Health: 0/48       AC:  1    Str:  6 (7)  XL:     8   Next: 81%
Magic:  0/15       EV: 15    Int: 23 (25) God:    Sif Muna [......]
Gold:   234        SH:  0    Dex: 10 (12) Spells: 5/16 levels left

rFire    . . .     SeeInvis .   v - +0 dagger (protect)
rCold    . . .     Gourm    .   (no shield)
rNeg     . . .     Faith    .   (helmet restricted)
rPois    .         Spirit   .   (no amulet)
rElec    .         Reflect  .   a - ring of resist corrosion
rCorr    +         Harm     .   (no ring)
MR       .....                  (no ring)
Stlth    +++.......             (no ring)
HPRegen  0.16/turn              (no ring)
MPRegen  0.14/turn              (no ring)
                                (no ring)
                                (no ring)

@: brilliant, flying
A: almost no armour, stealthy swim, amphibious, 8 rings, constrict 8, camouflage
1, gelatinous body 1
a: Renounce Religion


You were on level 7 of the Dungeon.
You worshipped Sif Muna.
Sif Muna was noncommittal.
You were very hungry.

You visited 2 branches of the dungeon, and saw 8 of its levels.

You collected 234 gold pieces.

Inventory:

Hand Weapons
 g - a +0 dagger
 v - a +0 dagger of protection (weapon)
Missiles
 h - 169 stones (quivered)
 j - 19 poisoned darts
 n - 17 boomerangs
 r - 2 javelins
Armour
 B - the +1 shield of Ru's Wrath {rElec}
   (You found it on level 6 of the Dungeon)

   It insulates you from electricity.
Jewellery
 a - a ring of resist corrosion (left tentacle)
Wands
 m - a wand of scattershot (3)
 w - a wand of flame (18)
 C - a wand of polymorph (6)
Scrolls
 c - 5 scrolls of identify
 i - 5 scrolls of remove curse
 k - a scroll of fear
 l - a scroll of enchant armour
 p - a scroll of random uselessness {unknown}
 q - a scroll of fog
 t - a scroll of magic mapping {unknown}
 x - a scroll of amnesia {unknown}
 y - a scroll of noise {unknown}
Potions
 d - a potion of lignification {unknown}
 e - a potion of curing
 f - a potion of brilliance
 u - a potion of degeneration
 A - 2 potions of might
Comestibles
 b - 8 rations
 D - a chunk of flesh


   Skills:
 - Level 1.0 Fighting
 * Level 0.2 Short Blades
 - Level 5.0 Dodging
 - Level 3.0 Stealth
 * Level 2.4 Shields
 + Level 4.7 Spellcasting
 + Level 3.0 Conjurations
 + Level 8.6 Poison Magic
 - Level 2.0 Invocations
 - Level 1.0 Evocations


You had 5 spell levels left.
You knew the following spells:

 Your Spells              Type           Power        Failure   Level  Hunger
a - Sting                 Conj/Pois      ####         1%          1    None
b - Poisonous Vapours     Pois/Air       #####.       1%          2    None
c - Mephitic Cloud        Conj/Pois/Air  #####...     1%          3    ##.....
d - Venom Bolt            Conj/Pois      #####.....   3%          5    #####..

Your spell library contained the following spells:

 Spells                   Type           Power        Failure   Level  Hunger
 Corona                   Hex            ###....      1%          1    None
 Ensorcelled Hibernation  Hex/Ice        ###...       1%          2    None
 Dazzling Spray           Conj/Hex       ####..       1%          3    ##.....
 Olgreb's Toxic Radiance  Pois           ######..     1%          4    ####...
 Confuse                  Hex            ###.....     3%          3    ##.....
 Tukima's Dance           Hex            ###.....     3%          3    ##.....


Dungeon Overview and Level Annotations

Branches:
Dungeon (7/15)             Temple (1/1) D:5

Altars:
Ashenzari
Cheibriados
Dithmenos
Elyvilon
Gozag
Makhleb
Nemelex Xobeh
Okawaru
Qazlal
Ru
Sif Muna
Trog
Vehumet
Xom
Zin
The Shining One

Annotations:
D:5 Menkaure


Innate Abilities, Weirdness & Mutations

You cannot wear most types of armour.
You are very stealthy in the water. (Stealth+)
You are amphibious.
You can wear up to eight rings at the same time.
You can use your tentacles to constrict eight enemies at once.
Your skin changes colour to match your surroundings (Stealth+).
Your rubbery body absorbs attacks. (AC +1, EV +1)


Message History

* * * LOW HITPOINT WARNING * * *
The quasit barely misses you.
Casting: Venom Bolt (safe; 3% risk of failure)
Confirm with . or Enter, or press ? or * to list all spells.
Aiming: Sting (safe; 1% risk of failure)
Press: ? - help, Shift-Dir - straight line, f/p - quasit
Aim: a quasit (severely wounded, poisoned)
The sting hits the quasit.
The quasit is severely wounded.
The quasit looks more healthy.
The quasit bites you.
* * * LOW HITPOINT WARNING * * *
The quasit barely misses you.
The quasit claws you but does no damage.
The orc misses you. The orc barely misses you.
The quasit completely misses you. The quasit misses you. The quasit claws you.
* * * LOW HITPOINT WARNING * * *
The orc closely misses you. The quasit bites you.
* * * LOW HITPOINT WARNING * * *
The quasit claws you.
You die...

.. ...
#####
....###...#
#...o..o@#
....#..o5#
. #.o..#
#....#
........#
...).....#
.......?.#
.........#
......####


You could see an orc warrior, a quasit and 3 orcs.

Vanquished Creatures
  An ice beast (D:6)
  A black bear (D:6)
  A sky beast (D:5)
  4 ogres
  2 centaurs
  A howler monkey (D:6)
  A crimson imp (D:5)
  A hound (D:5)
  2 orc priests
  An iguana (D:7)
  6 orc wizards
  6 worker ants
  4 gnolls (D:6)
  7 adders
  3 shadow imps
  An ooze (D:3)
  An adder zombie (D:6)
  4 worms
  4 dart slugs
  4 leopard geckos
  19 orcs
  A ball python (D:5)
  5 giant cockroaches
  7 goblins
  7 hobgoblins
  15 kobolds
  2 quokkas
  5 bats
  4 frilled lizards
  A quokka zombie (D:4)
  6 rats
  A plant (D:1)
128 creatures vanquished.

Notes
Turn   | Place    | Note
-------+----------+-------------------------------------------
     0 | D:1      | FishyPogo the Octopode Venom Mage began the quest for the
                  | Orb.
     0 | D:1      | Reached XP level 1. HP: 11/11 MP: 3/3
   301 | D:2      | Reached XP level 2. HP: 17/17 MP: 0/5
   305 | D:2      | Learned a level 2 spell: Poisonous Vapours
   325 | D:2      | Reached skill level 4 in Poison Magic
   783 | D:1      | Reached XP level 3. HP: 21/21 MP: 0/6
  1101 | D:2      | Learned a level 3 spell: Mephitic Cloud
  1346 | D:2      | Reached XP level 4. HP: 18/27 MP: 0/7
  2141 | D:3      | Reached skill level 5 in Poison Magic
  2347 | D:3      | Reached XP level 5. HP: 20/31 MP: 0/8
  3147 | D:3      | Found a shadowy altar of Dithmenos.
  3308 | D:4      | Noticed an ogre
  3316 | D:4      | Killed an ogre
  3316 | D:4      | Reached XP level 6. HP: 36/36 MP: 0/10
  3329 | D:4      | Reached skill level 6 in Poison Magic
  3924 | D:4      | Reached XP level 7. HP: 34/41 MP: 1/12
  4079 | D:4      | Reached skill level 7 in Poison Magic
  4308 | D:4      | Found a radiant altar of Vehumet.
  4410 | D:5      | Entered Level 5 of the Dungeon
  4510 | D:5      | Found a glowing golden altar of the Shining One.
  5002 | D:5      | Reached skill level 8 in Poison Magic
  5051 | D:5      | Reached XP level 8. HP: 46/46 MP: 6/14
  5308 | D:5      | Found a staircase to the Ecumenical Temple.
  5313 | Temple   | Entered the Ecumenical Temple
  5449 | Temple   | Became a worshipper of Sif Muna the Loreminder
  5584 | D:5      | Reached skill level 1 in Evocations
  5799 | D:5      | Noticed Menkaure
  5844 | D:6      | Got a smoking shield
  6128 | D:6      | Found a shattered altar of Ashenzari.
  6188 | D:6      | Reached skill level 1 in Invocations
  6463 | D:6      | Reached skill level 1 in Fighting
  6463 | D:6      | Reached skill level 1 in Shields
  6469 | D:6      | Got an opalescent robe
  6507 | D:6      | Identified the +1 shield of Ru's Wrath {rElec} (You found
                  | it on level 6 of the Dungeon)
  6530 | D:6      | Learned a level 5 spell: Venom Bolt
  6592 | D:6      | Reached skill level 5 in Dodging
  7415 | D:7      | Noticed a troll
  7499 | D:7      | Identified the +0 leather armour of the Thunderstorm {Str+6
                  | Dex-2}
  7523 | D:7      | HP: 2/48 [quasit (1)]
  7523 | D:7      | Slain by a quasit

Levels and vault maps discovered:
D:1:      tarquinn_simple_flora_water_a, layout_basic, kennysheep_nondescript,
          lemuel_old_faithful
D:2:      layout_basic
D:3:      layout_basic, nicolae_overflow_hidden_temple, roderic_malta_cross,
          minmay_goblin_kobold_house
D:4:      layout_basic, vehumet_altar_wand_db, minivault_23
D:5:      layout_cave_pods, tso_metal_star, minmay_temple_entry_wispy,
          first_ration, uniq_menkaure
D:6:      layout_cave_pods, lemuel_round_altar
D:7:      layout_rooms
Temple:   regret_index_temple_generic_petals

Skill      XL: |  1  2  3  4  5  6  7  8 |
---------------+-------------------------+-----
Stealth        | 3 |  3.0
Poison Magic   | 4 5 6 8 |  8.6
Conjurations   | 2 3 |  3.0
Dodging        | 3 4 5 |  5.0
Spellcasting   | 3 4 |  4.7
Evocations     | 1 |  1.0
Invocations    | 2 |  2.0
Fighting       | 1 |  1.0
Shields        | 2 |  2.4
Short Blades   | |  0.2

Action                   |  1- 3 |  4- 6 |  7- 9 || total
-------------------------+-------+-------+-------++-------
Melee: Unarmed           |    46 |       |       ||    46
       Tentacles         |    19 |     6 |     6 ||    31
       Constrict         |    12 |    13 |    18 ||    43
       Dagger            |    24 |    50 |    10 ||    84
       Whip              |       |       |    76 ||    76
Throw: Stone             |     3 |     1 |     1 ||     5
 Cast: Sting             |    61 |    76 |    99 ||   236
       Poisonous Vapours |     8 |    12 |    24 ||    44
       Mephitic Cloud    |       |     3 |     7 ||    10
       Venom Bolt        |       |       |     3 ||     3
  Use: Potion            |       |     1 |     6 ||     7
       Scroll            |       |       |     7 ||     7
 Stab: Sleeping          |     2 |     1 |     1 ||     4
       Confused          |       |       |     1 ||     1
  Eat: Chunk             |     2 |     9 |     9 ||    20
       Ration            |       |       |     1 ||     1
Armor: Skin              |     4 |     2 |     5 ||    11
Dodge: Dodged            |    19 |    61 |    90 ||   170
